Login

Vegas Golden Knights vs Los Angeles Kings (R1)

Created - 11 April 2024 at 23:24

Goals
1 2 3 T
Vegas Golden Knights 0 1 5 6
Los Angeles Kings 1 0 1 2
Shots
1 2 3 T
Vegas Golden Knights 9 12 18 39
Los Angeles Kings 13 13 7 33

GoalsPenalties
1st period
1. Los Angeles Kings , Adrian Kempe 8 (Kevin Fiala 11, Anze Kopitar 12) at 16:20
Nicolas Hague (VGK) for Hooking (Minor) at 3:06
2nd period
2. Vegas Golden Knights , Mark Stone 7 (Jonathan Marchessault 11, Jack Eichel 7) at 8:31
Phillip Danault (LAK) for Slashing (Minor) at 10:43
3rd period
3. Vegas Golden Knights , William Karlsson 9 (Brayden McNabb 2, Shea Theodore 9) at 0:51
4. Vegas Golden Knights , Ivan Barbashev 4 (Shea Theodore 10) at 3:11
5. Vegas Golden Knights , William Karlsson 10 (Shea Theodore 11, Mark Stone 8) at 13:09 (PP)
6. Vegas Golden Knights , Pavel Dorofeyev 1 (William Karlsson 10, Alex Pietrangelo 6) at 13:45
7. Vegas Golden Knights , Mark Stone 8 (Jack Eichel 8) at 15:44 (PP)
8. Los Angeles Kings , Viktor Arvidsson 11 (Phillip Danault 4, Noah Hanifin 3) at 16:33
Adrian Kempe (LAK) for Elbowing (Minor) at 3:47
Noah Hanifin (LAK) for High sticking (Minor) at 8:55
Kevin Fiala (LAK) for Interference (Minor) at 12:53
Vladislav Gavrikov (LAK) for Slashing (Minor) at 15:09
Adrian Kempe (LAK) for Tripping (Minor) at 16:57
Goalie Stats
Logan Thompson (VGK), 31 saves from 33 shots - (0.939), W, 9-3-1, 60:00 minutes
Cam Talbot (LAK), 33 saves from 39 shots - (0.846), L, 7-4-0, 60:00 minutes
3 StarsOfficial
1 - Mark Stone (VGK)
2 - William Karlsson (VGK)
3 - Shea Theodore (VGK)
Referees : Tim Mayer and Conor O'Donnell
Linesman : Derek Nansen and James Tobias
Game Note
3:40 of 2nd period - Vegas Golden Knights goal is going for a video replay. After video review, No Goal. The puck has been directed, batted or thrown into the net by an attacking player other than with a stick.
Finance
Level 1 -- Attendance: 5091 (84.85%) -- Ticket Income $509,100
Level 2 -- Attendance: 4372 (87.44%) -- Ticket Income $262,320
Level 3 -- Attendance: 1950 (97.50%) -- Ticket Income $68,250
Level 4 -- Attendance: 3877 (96.93%) -- Ticket Income $96,925
Luxury Box -- Attendance: 978 (97.80%) -- Ticket Income $195,600
Game was played at the Crypto.com Arena.
Total Attendance: 16268 (90.38%)
Total Ticket Income: $1,132,195
Other Income: $554,776
Total Income: $1,686,971



Team Name Goals Shots Shots Attemp Shots Blocked PIM HIT PP PK FO%
Vegas Golden Knights 6398372242 / 6 (33%)038%
Los Angeles Kings 233631812160 / 1 (0%)262%

Vegas Golden Knights
Player Name POS G A P +/- PIM HIT SHT SB MP PP MP PP SHT PK MP PK SHT FO% FOT GA TA
Alec MartinezD0001011218:120:0001:2000% 001
Alex PietrangeloD0110005122:563:3901:0600% 001
Brayden McNabbD0112032118:330:0000:4600% 000
Brett HowdenC0000010011:420:0000:00022% 901
Ivan BarbashevLW1011035016:113:1720:470100% 101
Jack EichelC0221002119:075:3010:00031% 1300
Jonathan MarchessaultLW0111041018:385:0800:0000% 200
Keegan KolesarRW0000010011:420:0000:0000% 100
Mark StoneRW2131024020:105:3011:0300% 000
Michael AmadioRW0001000015:103:1700:0900% 100
Nicolas HagueD000-1220014:200:0000:0000% 000
Nicolas RoyRW0001022116:113:1710:47050% 1420
Paul CotterLW0000022011:420:0000:0000% 100
Pavel DorofeyevLW1010004011:480:0000:0000% 101
Shea TheodoreD0333001021:525:0800:0000% 012
William CarrierLW0000014015:473:3900:0000% 100
William KarlssonC2130016019:155:3031:12048% 2920
Zach WhitecloudD000-1010114:440:0000:4600% 001
Los Angeles Kings
Player Name POS G A P +/- PIM HIT SHT SB MP PP MP PP SHT PK MP PK SHT FO% FOT GA TA
Adrian KempeRW101-1432019:190:5800:0000% 220
Anze KopitarC011-1001324:230:5805:31064% 3900
Arthur KaliyevLW000000407:440:0001:0200% 100
Blake LizotteC000-100109:580:0000:00067% 610
Drew DoughtyD000-2002227:541:1705:4900% 001
Kevin FialaLW011-1223224:120:5805:210100% 502
Kurtis MacDermidD0000020012:020:0000:0500% 000
Matt RoyD0000000119:520:4202:4100% 000
Mikey AndersonD0000001120:310:4203:2000% 000
Noah HanifinD011-2210626:421:1704:3800% 000
Phillip DanaultLW0110216018:231:0102:4200% 111
Quinton ByfieldRW000-100009:580:0000:0000% 000
Trevor LewisC0000031017:031:0101:22064% 1401
Trevor MooreLW000-101309:580:0000:0000% 020
Tyson JostC000001208:180:0001:36040% 510
Viktor ArvidssonRW1010007015:111:0110:0000% 010
Vladislav GavrikovD0000210012:570:0001:0100% 000
Wade AllisonRW000001036:420:0000:0000% 000

Vegas Golden Knights

5 vs 5 Forward
Line #Left WingCenterRight WingPHYDFOFWanted %Time %Time Play
1Jonathan MarchessaultJack EichelMark Stone1132828%13:37
2William CarrierWilliam KarlssonPavel Dorofeyev1222625%12:26
3Ivan BarbashevNicolas RoyMichael Amadio1222523%11:29
4Paul CotterBrett HowdenKeegan Kolesar2212124%11:42
5 vs 5 Defense
Line #DefenseDefensePHYDFOFWanted %Time %Time Play
1Alec MartinezAlex Pietrangelo2213535%17:09
2Brayden McNabbShea Theodore2213334%16:47
3Nicolas HagueZach Whitecloud2212828%13:58
4Brayden McNabbAlex Pietrangelo22143%1:20
Power Play Forward
Line #Left WingCenterRight WingPHYDFOFWanted %Time %Time Play
1Jack EichelWilliam KarlssonMark Stone0145563%5:30
2Ivan BarbashevNicolas RoyMichael Amadio0144537%3:17
Power Play Defense
Line #DefenseDefensePHYDFOFWanted %Time %Time Play
1Jonathan MarchessaultShea Theodore0055558%5:08
2William CarrierAlex Pietrangelo0144542%3:39
Penalty Kill 4 Players Forward
Line #CenterWingPHYDFOFWanted %Time %Time Play
1William KarlssonMark Stone1315661%1:12
2Nicolas RoyIvan Barbashev1314439%0:47
Penalty Kill 4 Players Defense
Line #DefenseDefensePHYDFOFWanted %Time %Time Play
1Alec MartinezAlex Pietrangelo2305655%1:06
2Nicolas HagueZach Whitecloud2304445%0:53
Penalty Kill 3 Players
Line #WingPHYDFOFWanted %Time %Time PlayDefenseDefensePHYDFOFWanted %Time %Time Play
1Jack Eichel140570%0:00 Alec MartinezZach Whitecloud230570%0:00
2Ivan Barbashev140430%0:00 Brayden McNabbAlex Pietrangelo230430%0:00
4 vs 4 Forward
Line #CenterWingPHYDFOFWanted %Time %Time Play
1Brett HowdenMichael Amadio122520%0:00
2William KarlssonIvan Barbashev122480%0:00
4 vs 4 Defense
Line #DefensePHYDFOFWanted %Time %Time Play
1Nicolas HagueZach Whitecloud131520%0:00
2Brayden McNabbShea Theodore131480%0:00
Last Minutes Offensive
Left WingCenterRight WingDefenseDefense
Jonathan MarchessaultJack EichelMark StoneAlex PietrangeloShea Theodore
Last Minutes Defensive
Left WingCenterRight WingDefenseDefense
William CarrierWilliam KarlssonMark StoneBrayden McNabbAlex Pietrangelo
Time
Total ForwardTotal DefenseLast Minutes OffensiveLast Minutes Defensive
60:00 60:00 0:000:00
Extra Forwards
Normal PowerPlayPenalty Kill
Jack Eichel, William Karlsson, Mark StoneNicolas Roy, William KarlssonMichael Amadio
Extra Defensemen
Normal PowerPlayPenalty Kill
Alex Pietrangelo, Shea Theodore, Brayden McNabbAlec Martinez, Nicolas HagueAlex Pietrangelo
Penalty Shots
Jack Eichel, Jonathan Marchessault, Paul Cotter, Shea Theodore, Mark Stone
Goalie
Logan Thompson, Adin Hill
Custom OT Lines Forwards
William Karlsson, Mark Stone, Jack Eichel, Jonathan Marchessault, Nicolas Roy, Ivan Barbashev, William Carrier, Michael Amadio, Paul Cotter, Keegan Kolesar
Custom OT Lines Defensemen
Shea Theodore, Alex Pietrangelo, Brayden McNabb, Nicolas Hague, Zach Whitecloud
Scratches
Brayden Pachal (Healthy), Chandler Stephenson (Broken Bone (Left Foot) Injury)

Los Angeles Kings

5 vs 5 Forward
Line #Left WingCenterRight WingPHYDFOFWanted %Time %Time Play
1Kevin FialaAnze KopitarAdrian Kempe1044036%17:54
2Phillip DanaultTrevor LewisViktor Arvidsson1043030%14:40
3Trevor MooreBlake LizotteQuinton Byfield1222020%9:58
4Arthur KaliyevTyson JostWade Allison1311014%6:42
5 vs 5 Defense
Line #DefenseDefensePHYDFOFWanted %Time %Time Play
1Drew DoughtyNoah Hanifin1224242%20:52
2Matt RoyMikey Anderson1223533%16:29
3Vladislav GavrikovKurtis MacDermid1222324%11:53
4Drew DoughtyNoah Hanifin12200%0:00
Power Play Forward
Line #Left WingCenterRight WingPHYDFOFWanted %Time %Time Play
1Kevin FialaAnze KopitarAdrian Kempe1136549%0:58
2Phillip DanaultTrevor LewisViktor Arvidsson1133551%1:01
Power Play Defense
Line #DefenseDefensePHYDFOFWanted %Time %Time Play
1Drew DoughtyNoah Hanifin1226565%1:17
2Matt RoyMikey Anderson1223535%0:42
Penalty Kill 4 Players Forward
Line #CenterWingPHYDFOFWanted %Time %Time Play
1Anze KopitarKevin Fiala1316084%7:25
2Trevor LewisPhillip Danault1314016%1:22
Penalty Kill 4 Players Defense
Line #DefenseDefensePHYDFOFWanted %Time %Time Play
1Drew DoughtyNoah Hanifin1316069%6:06
2Matt RoyMikey Anderson1314031%2:41
Penalty Kill 3 Players
Line #WingPHYDFOFWanted %Time %Time PlayDefenseDefensePHYDFOFWanted %Time %Time Play
1Anze Kopitar131600%0:00 Drew DoughtyNoah Hanifin131600%0:00
2Trevor Lewis131400%0:00 Matt RoyMikey Anderson131400%0:00
4 vs 4 Forward
Line #CenterWingPHYDFOFWanted %Time %Time Play
1Anze KopitarKevin Fiala122600%0:00
2Trevor LewisPhillip Danault122400%0:00
4 vs 4 Defense
Line #DefensePHYDFOFWanted %Time %Time Play
1Drew DoughtyNoah Hanifin122600%0:00
2Matt RoyMikey Anderson122400%0:00
Last Minutes Offensive
Left WingCenterRight WingDefenseDefense
Kevin FialaAnze KopitarAdrian KempeDrew DoughtyNoah Hanifin
Last Minutes Defensive
Left WingCenterRight WingDefenseDefense
Kevin FialaAnze KopitarAdrian KempeDrew DoughtyNoah Hanifin
Time
Total ForwardTotal DefenseLast Minutes OffensiveLast Minutes Defensive
60:00 60:00 0:000:00
Extra Forwards
Normal PowerPlayPenalty Kill
Phillip Danault, Trevor Moore, Arthur KaliyevPhillip Danault, Trevor MoorePhillip Danault
Extra Defensemen
Normal PowerPlayPenalty Kill
Mikey Anderson, Vladislav Gavrikov, Kurtis MacDermidMikey Anderson, Mikey AndersonVladislav Gavrikov
Penalty Shots
Anze Kopitar, Adrian Kempe, Kevin Fiala, Viktor Arvidsson, Phillip Danault
Goalie
Cam Talbot, Pheonix Copley
Custom OT Lines Forwards
Anze Kopitar, Adrian Kempe, Kevin Fiala, Viktor Arvidsson, Phillip Danault, Trevor Moore, Arthur Kaliyev, Trevor Lewis, Blake Lizotte, Quinton Byfield
Custom OT Lines Defensemen
Drew Doughty, Noah Hanifin, Matt Roy, Mikey Anderson, Vladislav Gavrikov
Scratches
Andreas Englund (Healthy), Carl Grundstrom (Healthy)


Play-by-Play

1st period


0:01 of 1st period - Anze Kopitar wins face-off versus Jack Eichel in neutral zone.
0:06 of 1st period - Wrist shot by Kevin Fiala.
0:06 of 1st period - Stopped by Logan Thompson with a rebound.
0:26 of 1st period - Alec Martinez is hit by Noah Hanifin and loses puck.
0:55 of 1st period - Snap shot by Blake Lizotte.
0:55 of 1st period - Shot Hit the Post.
0:57 of 1st period - Wrist shot by Blake Lizotte.
0:57 of 1st period - Shot Blocked by Alec Martinez.
1:17 of 1st period - Snap shot by Paul Cotter.
1:17 of 1st period - Stopped by Cam Talbot with a rebound.
1:36 of 1st period - Icing by Brayden McNabb.
1:37 of 1st period - Anze Kopitar wins face-off versus Jack Eichel in Vegas Golden Knights zone.
1:50 of 1st period - Snap shot by Mark Stone.
1:50 of 1st period - Stopped by Cam Talbot with a rebound.
1:52 of 1st period - Wrist shot by Mark Stone.
1:52 of 1st period - Shot Misses the Net.
2:00 of 1st period - Snap shot by Jack Eichel.
2:00 of 1st period - Stopped by Cam Talbot with a rebound.
2:32 of 1st period - Snap shot by Jonathan Marchessault.
2:32 of 1st period - Shot Blocked by Anze Kopitar.
2:34 of 1st period - Slapshot by Brayden McNabb.
2:34 of 1st period - Stopped by Cam Talbot with a rebound.
2:40 of 1st period - Wrist shot by Jonathan Marchessault.
2:40 of 1st period - Shot Misses the Net.
2:42 of 1st period - Wrist shot by Mark Stone.
2:42 of 1st period - Stopped by Cam Talbot without a rebound.
2:43 of 1st period - Trevor Lewis wins face-off versus Nicolas Roy in Los Angeles Kings zone.
3:06 of 1st period - Minor Penalty to Nicolas Hague for Hooking.
3:07 of 1st period - Trevor Lewis wins face-off versus William Karlsson in Vegas Golden Knights zone.
3:22 of 1st period - Slapshot by Phillip Danault.
3:22 of 1st period - Deflect By Viktor Arvidsson.
3:22 of 1st period - Stopped by Logan Thompson without a rebound.
3:23 of 1st period - Kevin Fiala wins face-off versus William Karlsson in Vegas Golden Knights zone.
3:50 of 1st period - Noah Hanifin is hit by Alec Martinez and loses puck.
3:57 of 1st period - Backhand shot by Phillip Danault.
3:57 of 1st period - Shot Misses the Net.
5:06 of 1st period - Penalty to Nicolas Hague is over, Nicolas Hague is back on ice.
5:20 of 1st period - Slapshot by Trevor Moore.
5:20 of 1st period - Shot Misses the Net.
5:22 of 1st period - Slapshot by Drew Doughty.
5:22 of 1st period - Shot Misses the Net.
5:24 of 1st period - Slapshot by Noah Hanifin.
5:24 of 1st period - Shot Misses the Net.
6:03 of 1st period - Vladislav Gavrikov is hit by Zach Whitecloud and loses puck.
6:14 of 1st period - Viktor Arvidsson is hit by Nicolas Hague and loses puck.
6:39 of 1st period - Snap shot by Viktor Arvidsson.
6:39 of 1st period - Deflect By Phillip Danault.
6:39 of 1st period - Shot Misses the Net.
6:39 of 1st period - Puck is out of play.
6:40 of 1st period - Anze Kopitar wins face-off versus William Karlsson in Vegas Golden Knights zone.
7:12 of 1st period - Wrist shot by Drew Doughty.
7:12 of 1st period - Shot Hit the Post.
8:04 of 1st period - Wrist shot by Ivan Barbashev.
8:04 of 1st period - Shot Misses the Net.
8:06 of 1st period - Slapshot by Nicolas Hague.
8:06 of 1st period - Shot Misses the Net.
8:32 of 1st period - Wrist shot by William Carrier.
8:32 of 1st period - Stopped by Cam Talbot without a rebound.
8:33 of 1st period - Anze Kopitar wins face-off versus Brett Howden in Los Angeles Kings zone.
8:46 of 1st period - Snap shot by Kevin Fiala.
8:46 of 1st period - Stopped by Logan Thompson without a rebound.
8:47 of 1st period - Anze Kopitar wins face-off versus Nicolas Roy in Vegas Golden Knights zone.
9:40 of 1st period - Mikey Anderson is hit by Brett Howden and loses puck.
10:43 of 1st period - Snap shot by Viktor Arvidsson.
10:43 of 1st period - Shot Misses the Net.
10:45 of 1st period - Snap shot by Trevor Lewis.
10:45 of 1st period - Shot Misses the Net.
10:47 of 1st period - Wrist shot by Trevor Lewis.
10:47 of 1st period - Deflect By Phillip Danault.
10:47 of 1st period - Stopped by Logan Thompson with a rebound.
11:03 of 1st period - Wrist shot by Keegan Kolesar.
11:03 of 1st period - Shot Blocked by Noah Hanifin.
11:54 of 1st period - Slapshot by Phillip Danault.
11:54 of 1st period - Stopped by Logan Thompson without a rebound.
11:55 of 1st period - Anze Kopitar wins face-off versus Pavel Dorofeyev in Vegas Golden Knights zone.
12:01 of 1st period - Icing by William Carrier.
12:02 of 1st period - William Karlsson wins face-off versus Anze Kopitar in Vegas Golden Knights zone.
12:23 of 1st period - Wrist shot by Pavel Dorofeyev.
12:23 of 1st period - Stopped by Cam Talbot without a rebound.
12:24 of 1st period - Nicolas Roy wins face-off versus Trevor Lewis in Los Angeles Kings zone.
12:50 of 1st period - Alex Pietrangelo is hit by Adrian Kempe and loses puck.
13:40 of 1st period - Snap shot by Viktor Arvidsson.
13:40 of 1st period - Stopped by Logan Thompson without a rebound.
13:41 of 1st period - Nicolas Roy wins face-off versus Phillip Danault in Vegas Golden Knights zone.
13:46 of 1st period - Phillip Danault is hit by Brayden McNabb and loses puck.
14:06 of 1st period - Snap shot by Viktor Arvidsson.
14:06 of 1st period - Shot Blocked by Nicolas Roy.
14:24 of 1st period - Snap shot by Viktor Arvidsson.
14:24 of 1st period - Stopped by Logan Thompson with a rebound.
14:26 of 1st period - Slapshot by Viktor Arvidsson.
14:26 of 1st period - Shot Blocked by Brayden McNabb.
14:28 of 1st period - Wrist shot by Phillip Danault.
14:28 of 1st period - Stopped by Logan Thompson with a rebound.
14:30 of 1st period - Slapshot by Trevor Lewis.
14:30 of 1st period - Stopped by Logan Thompson with a rebound.
14:54 of 1st period - Snap shot by Phillip Danault.
14:54 of 1st period - Stopped by Logan Thompson with a rebound.
14:56 of 1st period - Wrist shot by Drew Doughty.
14:56 of 1st period - Stopped by Logan Thompson without a rebound.
14:57 of 1st period - Anze Kopitar wins face-off versus Jonathan Marchessault in Vegas Golden Knights zone.
15:32 of 1st period - Slapshot by Alex Pietrangelo.
15:32 of 1st period - Stopped by Cam Talbot without a rebound.
15:33 of 1st period - Blake Lizotte wins face-off versus Brett Howden in Los Angeles Kings zone.
15:50 of 1st period - Slapshot by Blake Lizotte.
15:50 of 1st period - Shot Blocked by Zach Whitecloud.
15:58 of 1st period - Vladislav Gavrikov is hit by Nicolas Hague.
16:12 of 1st period - Wrist shot by Blake Lizotte.
16:12 of 1st period - Shot Misses the Net.
16:14 of 1st period - Wrist shot by Trevor Moore.
16:14 of 1st period - Deflect By Blake Lizotte.
16:14 of 1st period - Shot Misses the Net.
16:14 of 1st period - Puck is out of play.
16:15 of 1st period - Anze Kopitar wins face-off versus William Carrier in Vegas Golden Knights zone.
16:20 of 1st period - Wrist shot by Adrian Kempe.
16:20 of 1st period - Goal by Adrian Kempe - Vegas Golden Knights : 0 - Los Angeles Kings : 1.
16:21 of 1st period - Anze Kopitar wins face-off versus William Karlsson in neutral zone.
16:50 of 1st period - Trevor Lewis is hit by Jonathan Marchessault and loses puck.
17:11 of 1st period - Wrist shot by Drew Doughty.
17:11 of 1st period - Deflect By Arthur Kaliyev.
17:11 of 1st period - Shot Misses the Net.
17:11 of 1st period - Puck is out of play.
17:12 of 1st period - Nicolas Roy wins face-off versus Tyson Jost in Vegas Golden Knights zone.
17:16 of 1st period - Off-side.
17:17 of 1st period - William Karlsson wins face-off versus Anze Kopitar in neutral zone.
17:24 of 1st period - Wrist shot by Pavel Dorofeyev.
17:24 of 1st period - Shot Blocked by Drew Doughty.
17:26 of 1st period - Slapshot by Zach Whitecloud.
17:26 of 1st period - Shot Misses the Net.
17:28 of 1st period - Snap shot by Nicolas Hague.
17:28 of 1st period - Shot Misses the Net.
17:30 of 1st period - Snap shot by Nicolas Hague.
17:30 of 1st period - Shot Misses the Net.
17:44 of 1st period - Jack Eichel is hit by Trevor Lewis and loses puck.
18:09 of 1st period - Wrist shot by Jack Eichel.
18:09 of 1st period - Shot Blocked by Matt Roy.
18:13 of 1st period - Wrist shot by Ivan Barbashev.
18:13 of 1st period - Shot Misses the Net.
18:19 of 1st period - Snap shot by Ivan Barbashev.
18:19 of 1st period - Stopped by Cam Talbot without a rebound.
18:20 of 1st period - Kevin Fiala wins face-off versus William Karlsson in Los Angeles Kings zone.
18:27 of 1st period - William Carrier is hit by Adrian Kempe and loses puck.
18:35 of 1st period - Slapshot by Vladislav Gavrikov.
18:35 of 1st period - Shot Blocked by Alec Martinez.
18:47 of 1st period - Vladislav Gavrikov is hit by Mark Stone and loses puck.
18:53 of 1st period - Icing by Vladislav Gavrikov.
18:54 of 1st period - Trevor Lewis wins face-off versus Jack Eichel in Los Angeles Kings zone.
19:39 of 1st period - Wrist shot by Mark Stone.
19:39 of 1st period - Shot Misses the Net.
19:49 of 1st period - Slapshot by Phillip Danault.
19:49 of 1st period - Shot Misses the Net.
19:53 of 1st period - Slapshot by Viktor Arvidsson.
19:53 of 1st period - Stopped by Logan Thompson with a rebound.
19:55 of 1st period - Slapshot by Trevor Lewis.
19:55 of 1st period - Shot Misses the Net.
Goals for this period are 0 for Vegas Golden Knights vs 1 for Los Angeles Kings.
Shots for this period are 9 for Vegas Golden Knights vs 13 for Los Angeles Kings.

2nd period


0:01 of 2nd period - Anze Kopitar wins face-off versus Keegan Kolesar in neutral zone.
0:04 of 2nd period - Snap shot by Adrian Kempe.
0:04 of 2nd period - Stopped by Logan Thompson without a rebound.
0:05 of 2nd period - Anze Kopitar wins face-off versus Brett Howden in Vegas Golden Knights zone.
0:45 of 2nd period - Snap shot by Trevor Moore.
0:45 of 2nd period - Stopped by Logan Thompson with a rebound.
0:59 of 2nd period - Slapshot by Alex Pietrangelo.
0:59 of 2nd period - Stopped by Cam Talbot with a rebound.
1:01 of 2nd period - Snap shot by Alex Pietrangelo.
1:01 of 2nd period - Deflect By Nicolas Roy.
1:01 of 2nd period - Deflect By Viktor Arvidsson.
1:01 of 2nd period - Shot Misses the Net.
1:01 of 2nd period - Puck is out of play.
1:02 of 2nd period - William Karlsson wins face-off versus Trevor Lewis in Los Angeles Kings zone.
1:03 of 2nd period - Snap shot by William Carrier.
1:03 of 2nd period - Shot Misses the Net.
1:12 of 2nd period - Wrist shot by Viktor Arvidsson.
1:12 of 2nd period - Shot Misses the Net.
1:14 of 2nd period - Slapshot by Mikey Anderson.
1:14 of 2nd period - Stopped by Logan Thompson without a rebound.
1:15 of 2nd period - William Karlsson wins face-off versus Anze Kopitar in Vegas Golden Knights zone.
1:22 of 2nd period - Wrist shot by Pavel Dorofeyev.
1:22 of 2nd period - Shot Blocked by Anze Kopitar.
1:24 of 2nd period - Slapshot by William Carrier.
1:24 of 2nd period - Stopped by Cam Talbot without a rebound.
1:25 of 2nd period - William Karlsson wins face-off versus Anze Kopitar in Los Angeles Kings zone.
1:40 of 2nd period - Backhand shot by William Karlsson.
1:40 of 2nd period - Shot Misses the Net.
1:42 of 2nd period - Snap shot by Brayden McNabb.
1:42 of 2nd period - Stopped by Cam Talbot with a rebound.
1:44 of 2nd period - Slapshot by Shea Theodore.
1:44 of 2nd period - Shot Blocked by Mikey Anderson.
2:10 of 2nd period - Wrist shot by William Karlsson.
2:10 of 2nd period - Stopped by Cam Talbot with a rebound.
2:28 of 2nd period - Snap shot by William Karlsson.
2:28 of 2nd period - Shot Blocked by Anze Kopitar.
3:02 of 2nd period - Wrist shot by Pavel Dorofeyev.
3:02 of 2nd period - Stopped by Cam Talbot with a rebound.
3:04 of 2nd period - Snap shot by William Carrier.
3:04 of 2nd period - Stopped by Cam Talbot with a rebound.
3:06 of 2nd period - Wrist shot by Pavel Dorofeyev.
3:06 of 2nd period - Stopped by Cam Talbot without a rebound.
3:07 of 2nd period - Blake Lizotte wins face-off versus Brett Howden in Los Angeles Kings zone.
3:12 of 2nd period - Slapshot by Trevor Moore.
3:12 of 2nd period - Shot Misses the Net.
3:36 of 2nd period - Snap shot by Alex Pietrangelo.
3:36 of 2nd period - Stopped by Cam Talbot with a rebound.
3:38 of 2nd period - Snap shot by Alec Martinez.
3:38 of 2nd period - Stopped by Cam Talbot with a rebound.
3:40 of 2nd period - Snap shot by Ivan Barbashev.
3:40 of 2nd period - Vegas Golden Knights goal is going for a video replay.
3:40 of 2nd period - The goal is refused. The puck has been directed, batted or thrown into the net by an attacking player other than with a stick..
3:41 of 2nd period - Nicolas Roy wins face-off versus Tyson Jost in Los Angeles Kings zone.
3:42 of 2nd period - Slapshot by Ivan Barbashev.
3:42 of 2nd period - Shot Blocked by Wade Allison.
4:35 of 2nd period - Nicolas Hague is hit by Trevor Moore and loses puck.
4:51 of 2nd period - Wrist shot by Tyson Jost.
4:51 of 2nd period - Shot Misses the Net.
4:53 of 2nd period - Slapshot by Tyson Jost.
4:53 of 2nd period - Deflect By Alex Pietrangelo.
4:53 of 2nd period - Stopped by Logan Thompson without a rebound.
4:54 of 2nd period - Jack Eichel wins face-off versus Tyson Jost in Vegas Golden Knights zone.
5:09 of 2nd period - Snap shot by Mark Stone.
5:09 of 2nd period - Shot Blocked by Wade Allison.
6:21 of 2nd period - Wrist shot by Viktor Arvidsson.
6:21 of 2nd period - Deflect By Phillip Danault.
6:21 of 2nd period - Stopped by Logan Thompson with a rebound.
6:23 of 2nd period - Snap shot by Viktor Arvidsson.
6:23 of 2nd period - Stopped by Logan Thompson without a rebound.
6:24 of 2nd period - Anze Kopitar wins face-off versus Jack Eichel in Vegas Golden Knights zone.
8:13 of 2nd period - Snap shot by Kevin Fiala.
8:13 of 2nd period - Stopped by Logan Thompson with a rebound.
8:15 of 2nd period - Slapshot by Kevin Fiala.
8:15 of 2nd period - Shot Misses the Net.
8:31 of 2nd period - Wrist shot by Jonathan Marchessault.
8:31 of 2nd period - Deflect By Mark Stone.
8:31 of 2nd period - Goal by Mark Stone - Vegas Golden Knights : 1 - Los Angeles Kings : 1.
8:32 of 2nd period - Nicolas Roy wins face-off versus Blake Lizotte in neutral zone.
8:43 of 2nd period - Wrist shot by Ivan Barbashev.
8:43 of 2nd period - Shot Blocked by Noah Hanifin.
9:50 of 2nd period - Wrist shot by Anze Kopitar.
9:50 of 2nd period - Stopped by Logan Thompson with a rebound.
10:20 of 2nd period - Icing by Trevor Moore.
10:21 of 2nd period - William Karlsson wins face-off versus Trevor Lewis in Los Angeles Kings zone.
10:43 of 2nd period - Minor Penalty to Phillip Danault for Slashing.
10:44 of 2nd period - Kevin Fiala wins face-off versus Jack Eichel in Los Angeles Kings zone.
10:52 of 2nd period - Off-side.
10:53 of 2nd period - William Karlsson wins face-off versus Anze Kopitar in neutral zone.
11:27 of 2nd period - Slapshot by Ivan Barbashev.
11:27 of 2nd period - Shot Misses the Net.
11:29 of 2nd period - Slapshot by Nicolas Roy.
11:29 of 2nd period - Stopped by Cam Talbot without a rebound.
11:30 of 2nd period - William Karlsson wins face-off versus Anze Kopitar in Los Angeles Kings zone.
12:01 of 2nd period - Arthur Kaliyev is hit by Nicolas Roy and loses puck.
12:06 of 2nd period - Snap shot by Ivan Barbashev.
12:06 of 2nd period - Shot Misses the Net.
12:08 of 2nd period - Snap shot by Nicolas Roy.
12:08 of 2nd period - Deflect By Ivan Barbashev.
12:08 of 2nd period - Shot Misses the Net.
12:08 of 2nd period - Puck is out of play.
12:09 of 2nd period - Anze Kopitar wins face-off versus William Karlsson in Los Angeles Kings zone.
12:09 of 2nd period - Anze Kopitar is hit by Jonathan Marchessault.
12:22 of 2nd period - Off-side.
12:23 of 2nd period - Trevor Lewis wins face-off versus William Karlsson in neutral zone.
12:32 of 2nd period - Snap shot by Kevin Fiala.
12:32 of 2nd period - Deflect By Trevor Lewis.
12:32 of 2nd period - Shot Blocked by Jack Eichel.
12:32 of 2nd period - Puck is out of play.
12:33 of 2nd period - Anze Kopitar wins face-off versus William Karlsson in Vegas Golden Knights zone.
12:43 of 2nd period - Penalty to Phillip Danault is over, Phillip Danault is back on ice.
12:55 of 2nd period - Icing by Shea Theodore.
12:56 of 2nd period - Anze Kopitar wins face-off versus William Karlsson in Vegas Golden Knights zone.
13:27 of 2nd period - Off-side.
13:28 of 2nd period - Nicolas Roy wins face-off versus Blake Lizotte in neutral zone.
14:22 of 2nd period - Wrist shot by Brett Howden.
14:22 of 2nd period - Shot Misses the Net.
14:59 of 2nd period - Matt Roy is hit by Paul Cotter and loses puck.
15:06 of 2nd period - Quinton Byfield is hit by Keegan Kolesar and loses puck.
15:19 of 2nd period - Wrist shot by Trevor Moore.
15:19 of 2nd period - Stopped by Logan Thompson without a rebound.
15:20 of 2nd period - Ivan Barbashev wins face-off versus Anze Kopitar in Vegas Golden Knights zone.
15:20 of 2nd period - Ivan Barbashev is hit by Kevin Fiala.
16:14 of 2nd period - Mark Stone is hit by Wade Allison and loses puck.
16:55 of 2nd period - Arthur Kaliyev is hit by Brayden McNabb and loses puck.
17:41 of 2nd period - Tyson Jost is hit by Brayden McNabb and loses puck.
18:10 of 2nd period - Mark Stone is hit by Trevor Lewis.
18:36 of 2nd period - Icing by Matt Roy.
18:37 of 2nd period - Anze Kopitar wins face-off versus William Karlsson in Los Angeles Kings zone.
18:47 of 2nd period - Icing by Matt Roy.
18:48 of 2nd period - Tyson Jost wins face-off versus Michael Amadio in Los Angeles Kings zone.
18:59 of 2nd period - Snap shot by Arthur Kaliyev.
18:59 of 2nd period - Stopped by Logan Thompson with a rebound.
19:01 of 2nd period - Wrist shot by Arthur Kaliyev.
19:01 of 2nd period - Stopped by Logan Thompson with a rebound.
19:03 of 2nd period - Snap shot by Arthur Kaliyev.
19:03 of 2nd period - Shot Hit the Post.
19:07 of 2nd period - Snap shot by Arthur Kaliyev.
19:07 of 2nd period - Stopped by Logan Thompson with a rebound.
19:09 of 2nd period - Snap shot by Arthur Kaliyev.
19:09 of 2nd period - Stopped by Logan Thompson without a rebound.
19:10 of 2nd period - Kevin Fiala wins face-off versus Brett Howden in Vegas Golden Knights zone.
19:13 of 2nd period - Snap shot by Anze Kopitar.
19:13 of 2nd period - Shot Blocked by Alex Pietrangelo.
19:37 of 2nd period - Trevor Lewis is hit by Nicolas Roy.
19:45 of 2nd period - Alec Martinez is hit by Kurtis MacDermid and loses puck.
Goals for this period are 1 for Vegas Golden Knights vs 0 for Los Angeles Kings.
Shots for this period are 12 for Vegas Golden Knights vs 13 for Los Angeles Kings.

3rd period


0:01 of 3rd period - Nicolas Roy wins face-off versus Adrian Kempe in neutral zone.
0:10 of 3rd period - Wrist shot by Nicolas Roy.
0:10 of 3rd period - Stopped by Cam Talbot with a rebound.
0:12 of 3rd period - Slapshot by Ivan Barbashev.
0:12 of 3rd period - Deflect By Nicolas Roy.
0:12 of 3rd period - Shot Misses the Net.
0:12 of 3rd period - Puck is out of play.
0:13 of 3rd period - Anze Kopitar wins face-off versus Nicolas Roy in Los Angeles Kings zone.
0:40 of 3rd period - Noah Hanifin is hit by William Carrier and loses puck.
0:47 of 3rd period - Slapshot by William Karlsson.
0:47 of 3rd period - Shot Misses the Net.
0:49 of 3rd period - Wrist shot by William Karlsson.
0:49 of 3rd period - Shot Misses the Net.
0:51 of 3rd period - Slapshot by Brayden McNabb.
0:51 of 3rd period - Deflect By William Karlsson.
0:51 of 3rd period - Goal by William Karlsson - Vegas Golden Knights : 2 - Los Angeles Kings : 1.
0:52 of 3rd period - Anze Kopitar wins face-off versus Jack Eichel in neutral zone.
1:23 of 3rd period - Wrist shot by Viktor Arvidsson.
1:23 of 3rd period - Stopped by Logan Thompson without a rebound.
1:24 of 3rd period - Trevor Lewis wins face-off versus William Karlsson in Vegas Golden Knights zone.
1:37 of 3rd period - Snap shot by William Karlsson.
1:37 of 3rd period - Stopped by Cam Talbot with a rebound.
1:39 of 3rd period - Snap shot by William Carrier.
1:39 of 3rd period - Stopped by Cam Talbot without a rebound.
1:40 of 3rd period - Anze Kopitar wins face-off versus Nicolas Roy in Los Angeles Kings zone.
2:18 of 3rd period - Off-side.
2:19 of 3rd period - Jack Eichel wins face-off versus Anze Kopitar in neutral zone.
2:21 of 3rd period - Off-side.
2:22 of 3rd period - Anze Kopitar wins face-off versus Jack Eichel in neutral zone.
2:33 of 3rd period - Mikey Anderson is hit by Jonathan Marchessault and loses puck.
3:11 of 3rd period - Wrist shot by Ivan Barbashev.
3:11 of 3rd period - Goal by Ivan Barbashev - Vegas Golden Knights : 3 - Los Angeles Kings : 1.
3:12 of 3rd period - William Karlsson wins face-off versus Anze Kopitar in neutral zone.
3:15 of 3rd period - Snap shot by Alex Pietrangelo.
3:15 of 3rd period - Stopped by Cam Talbot with a rebound.
3:17 of 3rd period - Wrist shot by William Carrier.
3:17 of 3rd period - Shot Misses the Net.
3:19 of 3rd period - Slapshot by Alex Pietrangelo.
3:19 of 3rd period - Deflect By Kevin Fiala.
3:19 of 3rd period - Stopped by Cam Talbot with a rebound.
3:21 of 3rd period - Snap shot by Pavel Dorofeyev.
3:21 of 3rd period - Shot Misses the Net.
3:23 of 3rd period - Snap shot by William Karlsson.
3:23 of 3rd period - Deflect By Pavel Dorofeyev.
3:23 of 3rd period - Shot Blocked by Drew Doughty.
3:23 of 3rd period - Puck is out of play.
3:24 of 3rd period - Brett Howden wins face-off versus Adrian Kempe in Los Angeles Kings zone.
3:27 of 3rd period - Snap shot by Brett Howden.
3:27 of 3rd period - Shot Blocked by Noah Hanifin.
3:47 of 3rd period - Minor Penalty to Adrian Kempe for Elbowing.
3:48 of 3rd period - Anze Kopitar wins face-off versus William Karlsson in Los Angeles Kings zone.
4:09 of 3rd period - Anze Kopitar is hit by William Karlsson and loses puck.
4:22 of 3rd period - Slapshot by Jonathan Marchessault.
4:22 of 3rd period - Deflect By Ivan Barbashev.
4:22 of 3rd period - Stopped by Cam Talbot with a rebound.
4:24 of 3rd period - Snap shot by Jonathan Marchessault.
4:24 of 3rd period - Shot Misses the Net.
4:26 of 3rd period - Snap shot by Ivan Barbashev.
4:26 of 3rd period - Stopped by Cam Talbot with a rebound.
5:47 of 3rd period - Penalty to Adrian Kempe is over, Adrian Kempe is back on ice.
6:14 of 3rd period - Paul Cotter is hit by Kurtis MacDermid and loses puck.
6:47 of 3rd period - William Karlsson is hit by Adrian Kempe and loses puck.
7:17 of 3rd period - Quinton Byfield is hit by Ivan Barbashev.
7:57 of 3rd period - Icing by Vladislav Gavrikov.
7:58 of 3rd period - William Karlsson wins face-off versus Arthur Kaliyev in Los Angeles Kings zone.
8:05 of 3rd period - Wrist shot by Tyson Jost.
8:05 of 3rd period - Stopped by Logan Thompson with a rebound.
8:23 of 3rd period - Noah Hanifin is hit by Ivan Barbashev and loses puck.
8:55 of 3rd period - Minor Penalty to Noah Hanifin for High sticking.
8:56 of 3rd period - William Karlsson wins face-off versus Anze Kopitar in Los Angeles Kings zone.
10:55 of 3rd period - Penalty to Noah Hanifin is over, Noah Hanifin is back on ice.
10:58 of 3rd period - Icing by Alex Pietrangelo.
10:59 of 3rd period - Blake Lizotte wins face-off versus Nicolas Roy in Vegas Golden Knights zone.
11:10 of 3rd period - Wrist shot by Quinton Byfield.
11:10 of 3rd period - Deflect By Trevor Moore.
11:10 of 3rd period - Stopped by Logan Thompson without a rebound.
11:11 of 3rd period - Brett Howden wins face-off versus Trevor Lewis in Vegas Golden Knights zone.
11:15 of 3rd period - Off-side.
11:16 of 3rd period - Trevor Lewis wins face-off versus Paul Cotter in neutral zone.
11:42 of 3rd period - Slapshot by Drew Doughty.
11:42 of 3rd period - Stopped by Logan Thompson with a rebound.
11:47 of 3rd period - Shea Theodore is hit by Kevin Fiala and loses puck.
12:07 of 3rd period - Icing by Shea Theodore.
12:08 of 3rd period - Tyson Jost wins face-off versus Brett Howden in Vegas Golden Knights zone.
12:09 of 3rd period - Snap shot by Arthur Kaliyev.
12:09 of 3rd period - Shot Misses the Net.
12:27 of 3rd period - Snap shot by Paul Cotter.
12:27 of 3rd period - Shot Blocked by Wade Allison.
12:29 of 3rd period - Slapshot by Shea Theodore.
12:29 of 3rd period - Stopped by Cam Talbot without a rebound.
12:30 of 3rd period - Jack Eichel wins face-off versus Anze Kopitar in Los Angeles Kings zone.
12:53 of 3rd period - Minor Penalty to Kevin Fiala for Interference.
12:54 of 3rd period - William Karlsson wins face-off versus Anze Kopitar in Los Angeles Kings zone.
12:55 of 3rd period - Slapshot by Jack Eichel.
12:55 of 3rd period - Deflect By Drew Doughty.
12:55 of 3rd period - Stopped by Cam Talbot with a rebound.
13:07 of 3rd period - Snap shot by Mark Stone.
13:07 of 3rd period - Shot Misses the Net.
13:09 of 3rd period - Slapshot by Shea Theodore.
13:09 of 3rd period - Deflect By William Karlsson.
13:09 of 3rd period - Goal by William Karlsson - Vegas Golden Knights : 4 - Los Angeles Kings : 1.
13:10 of 3rd period - Anze Kopitar wins face-off versus Jack Eichel in neutral zone.
13:43 of 3rd period - Slapshot by William Karlsson.
13:43 of 3rd period - Shot Misses the Net.
13:45 of 3rd period - Slapshot by Pavel Dorofeyev.
13:45 of 3rd period - Goal by Pavel Dorofeyev - Vegas Golden Knights : 5 - Los Angeles Kings : 1.
13:46 of 3rd period - Trevor Lewis wins face-off versus Nicolas Roy in neutral zone.
14:13 of 3rd period - Kevin Fiala is hit by Jonathan Marchessault and loses puck.
14:20 of 3rd period - Wrist shot by Mark Stone.
14:20 of 3rd period - Shot Blocked by Kevin Fiala.
14:22 of 3rd period - Wrist shot by Mark Stone.
14:22 of 3rd period - Shot Blocked by Kevin Fiala.
14:24 of 3rd period - Snap shot by Jonathan Marchessault.
14:24 of 3rd period - Stopped by Cam Talbot with a rebound.
14:36 of 3rd period - Snap shot by Paul Cotter.
14:36 of 3rd period - Stopped by Cam Talbot without a rebound.
14:37 of 3rd period - Trevor Lewis wins face-off versus Brett Howden in Los Angeles Kings zone.
14:37 of 3rd period - Trevor Lewis is hit by Paul Cotter.
14:47 of 3rd period - Wrist shot by Viktor Arvidsson.
14:47 of 3rd period - Shot Misses the Net.
15:06 of 3rd period - William Karlsson is hit by Vladislav Gavrikov and loses puck.
15:09 of 3rd period - Minor Penalty to Vladislav Gavrikov for Slashing.
15:10 of 3rd period - Jack Eichel wins face-off versus Anze Kopitar in Los Angeles Kings zone.
15:11 of 3rd period - Snap shot by William Karlsson.
15:11 of 3rd period - Stopped by Cam Talbot with a rebound.
15:13 of 3rd period - Slapshot by Shea Theodore.
15:13 of 3rd period - Shot Blocked by Noah Hanifin.
15:15 of 3rd period - Slapshot by Jonathan Marchessault.
15:15 of 3rd period - Shot Blocked by Noah Hanifin.
15:17 of 3rd period - Snap shot by Jack Eichel.
15:17 of 3rd period - Deflect By William Karlsson.
15:17 of 3rd period - Shot Blocked by Noah Hanifin.
15:17 of 3rd period - Puck is out of play.
15:18 of 3rd period - Anze Kopitar wins face-off versus William Karlsson in Los Angeles Kings zone.
15:26 of 3rd period - Off-side.
15:27 of 3rd period - Kevin Fiala wins face-off versus William Karlsson in neutral zone.
15:35 of 3rd period - Noah Hanifin is hit by Mark Stone and loses puck.
15:44 of 3rd period - Slapshot by Mark Stone.
15:44 of 3rd period - Goal by Mark Stone - Vegas Golden Knights : 6 - Los Angeles Kings : 1.
15:45 of 3rd period - Anze Kopitar wins face-off versus Nicolas Roy in neutral zone.
16:17 of 3rd period - Snap shot by Phillip Danault.
16:17 of 3rd period - Stopped by Logan Thompson without a rebound.
16:18 of 3rd period - William Karlsson wins face-off versus Trevor Lewis in Vegas Golden Knights zone.
16:22 of 3rd period - Off-side.
16:23 of 3rd period - Trevor Lewis wins face-off versus William Karlsson in neutral zone.
16:26 of 3rd period - William Karlsson is hit by Phillip Danault and loses puck.
16:31 of 3rd period - Wrist shot by Phillip Danault.
16:31 of 3rd period - Shot Misses the Net.
16:33 of 3rd period - Snap shot by Viktor Arvidsson.
16:33 of 3rd period - Goal by Viktor Arvidsson - Vegas Golden Knights : 6 - Los Angeles Kings : 2.
16:34 of 3rd period - Anze Kopitar wins face-off versus Jonathan Marchessault in neutral zone.
16:57 of 3rd period - Minor Penalty to Adrian Kempe for Tripping.
16:58 of 3rd period - William Karlsson wins face-off versus Anze Kopitar in Los Angeles Kings zone.
17:05 of 3rd period - Backhand shot by William Karlsson.
17:05 of 3rd period - Stopped by Cam Talbot with a rebound.
17:07 of 3rd period - Snap shot by Mark Stone.
17:07 of 3rd period - Shot Misses the Net.
17:25 of 3rd period - Drew Doughty is hit by Ivan Barbashev and loses puck.
17:50 of 3rd period - William Carrier is hit by Trevor Lewis and loses puck.
18:37 of 3rd period - William Carrier is hit by Tyson Jost and loses puck.
18:57 of 3rd period - Penalty to Adrian Kempe is over, Adrian Kempe is back on ice.
19:06 of 3rd period - Snap shot by Paul Cotter.
19:06 of 3rd period - Shot Misses the Net.
19:26 of 3rd period - Slapshot by Adrian Kempe.
19:26 of 3rd period - Deflect By Phillip Danault.
19:26 of 3rd period - Shot Misses the Net.
19:26 of 3rd period - Puck is out of play.
19:27 of 3rd period - Blake Lizotte wins face-off versus Jack Eichel in Vegas Golden Knights zone.
19:34 of 3rd period - Wrist shot by Blake Lizotte.
19:34 of 3rd period - Stopped by Logan Thompson with a rebound.
Goals for this period are 5 for Vegas Golden Knights vs 1 for Los Angeles Kings.
Shots for this period are 18 for Vegas Golden Knights vs 7 for Los Angeles Kings.